 Dungeon Crawl Stone Soup version 0.21.0-3-g78d12a8 (webtiles) character file.

6678 Letos the Basher (level 11, -2/67 HPs)
             Began as a Gargoyle Gladiator on Jan 9, 2018.
             Was an Elder of Zin.
             Slain by an Executioner (3 damage)
             ... on level 2 of the Abyss.
             The game lasted 00:20:47 (6725 turns).

Letos the Basher (Gargoyle Gladiator)               Turns: 6725, Time: 00:20:48

Health: -2/67      AC: 20    Str: 18    XL:     11   Next: 3%
Magic:  14/14      EV: 12    Int:  9    God:    Zin [****..]
Gold:   474        SH:  5    Dex: 14    Spells: 10/10 levels left

rFire    + . .     SeeInvis .   e - +5 flail (protect)
rCold    . . .     Gourm    .   b - +0 buckler
rNeg     + . .     Faith    +   t - +0 scale mail
rPois    ∞         Spirit   .   c - +0 helmet
rElec    +         Reflect  .   n - +0 cloak
rCorr    .         Harm     .   (no gloves)
MR       .....                  g - +1 pair of boots
Stlth    ..........             q - amulet of faith
HPRegen  0.21/turn              m - ring of protection from fire
MPRegen  0.14/turn              (no ring)

@: no status effects
A: negative energy resistance 1, electricity resistance, unbreathing,
petrification resistance, rot immunity, AC +8
a: Recite, Vitalisation, Imprison, Donate Gold, Renounce Religion


You were on level 2 of the Abyss.
You worshipped Zin.
Zin was greatly pleased with you.
You were not hungry.

You visited 2 branches of the dungeon, and saw 9 of its levels.
You visited the Abyss 1 time.

You collected 526 gold pieces.
You donated 52 gold pieces to Zin.

Inventory:

Hand Weapons
 a - a +0 flail
 e - a +5 flail of protection (weapon)
 r - the +7 glaive of Valour {chop, rF- rN++ MR+, unknown}
   (You found it on level 7 of the Dungeon)

   It inflicts extra damage upon your enemies.
   It makes you vulnerable to fire.
   It greatly protects you from negative energy.
   It affects your resistance to hostile enchantments.
 w - the +6 falchion "Mofruenn" {distort, rPois SInv}
   (You found it on level 8 of the Dungeon)

   It warps and distorts space around it.
   Unwielding it can cause banishment or high damage.
   It protects you from poison.
   It lets you see invisible.
 x - a +0 morningstar
Armour
 b - a +0 buckler (worn)
 c - a +0 helmet (worn)
 g - a +1 pair of boots (worn)
 i - a +0 shield
 n - a +0 cloak (worn)
 t - a +0 scale mail (worn)
Jewellery
 d - an uncursed ring of ice
 m - a ring of protection from fire (left hand)
 q - an amulet of faith (around neck)
Wands
 j - a wand of digging (19)
Scrolls
 h - a scroll of enchant weapon {unknown}
 p - a scroll of magic mapping
 s - a scroll of immolation
 v - a scroll of teleportation
Potions
 k - 3 potions of cancellation
 l - a potion of berserk rage
 u - a potion of resistance
Comestibles
 f - 13 rations


   Skills:
 + Level 7.3 Fighting
 * Level 12.1 Maces & Flails
 - Level 1.7 Throwing
 + Level 5.1 Armour
 + Level 4.2 Dodging
 - Level 5.1 Shields
 - Level 5.1 Invocations


You had 10 spell levels left.
You didn't know any spells.

Dungeon Overview and Level Annotations

Branches:
Dungeon (8/15)             Temple (1/1) D:4            Lair (0/6) D:8

Altars:
Ashenzari
Cheibriados
Dithmenos
Elyvilon
Fedhas
Gozag
Hepliaklqana
Kikubaaqudgha
Makhleb
Okawaru
Qazlal
Ru
Sif Muna
Trog
Uskayaw
Vehumet
Wu Jian
Xom
Yredelemnul
Zin


Innate Abilities, Weirdness & Mutations

You are resistant to torment.
Your stone body is resilient. (AC +8)
You are immune to poison.
You resist negative energy. (rN+)
You are resistant to electric shocks. (rElec)
You can survive without breathing.
You are immune to petrification.
You are immune to rotting.


Message History

The Executioner closely misses you.
The Executioner hits you but does no damage.
The Executioner hits you.
* * * LOW HITPOINT WARNING * * *
The Executioner hits you but does no damage.
The Executioner hits you.
* * * LOW HITPOINT WARNING * * *
The Executioner hits you but does no damage.
You feel better. "...the word of Zin, and such is the law!"
You finish reciting Abominations 19:2.
The Executioner hits you.
* * * LOW HITPOINT WARNING * * *
The Executioner hits you.
* * * LOW HITPOINT WARNING * * *
The Executioner hits you but does no damage.
The Executioner hits you!
* * * LOW HITPOINT WARNING * * *
The Executioner barely misses you. The Executioner hits you.
You die...

. #.# . #. # # .
.. #..... . .# .
.. ...# ####....
#. . ###..#...
.... # .
###...###...#..#
.. #. ##
###X1###....#.. #
#.....##@..# #.#
#.
####.########.###
. . ### ....
#..#..#. #. . . .
#.#.#.##...## .
... .###
#..#X#......#.
.#.#. ....... X
..#. ....... ##..
.x .#$..
.#..###.#.#...##
. . ..
..##...#..##
#.#.. #. ###
.......# .#.###
#.#


You could see an Executioner and a large abomination.

Vanquished Creatures
  3 death yaks (D:8)
  Maurice (D:8)
  A tormentor (Abyss:2)
  2 hornets (D:7)
  5 yaks
  Menkaure (D:4)
  Edmund (D:4)
  Duvessa (D:7)
  A water moccasin (D:6)
  A small abomination (Abyss:2)
  2 orc warriors
  2 phantoms
  A necrophage (D:5)
  3 ice beasts
  An ogre (D:6)
  2 centaurs (D:5)
  3 bullfrogs
  Dowan (D:7)
  2 scorpions (D:6)
  4 killer bees (D:8)
  3 wights (D:5)
  The ghost of arlegoon the Chiller, a weakling DgIE (D:3)
  4 howler monkeys
  A crimson imp (D:5)
  A jelly (D:7)
  A gnoll shaman (D:7)
  2 hounds
  6 orc wizards
  4 orc priests
  An iguana (D:7)
  3 worker ants
  A hound skeleton (D:7)
  6 gnolls
  11 adders
  3 shadow imps
  An ooze (D:6)
  An adder zombie (D:5)
  4 worms
  2 dart slugs
  6 leopard geckos
  22 orcs
  4 ball pythons
  7 giant cockroaches
  15 goblins
  7 hobgoblins
  21 jackals
  3 quokkas
  5 bats
  4 frilled lizards (D:1)
  A giant cockroach zombie (D:5)
  A jackal zombie (D:5)
  11 kobolds
  A leopard gecko skeleton (D:5)
  5 rats
207 creatures vanquished.

Vanquished Creatures (others)
  A worker ant (D:6)
  A jackal (D:6)
2 creatures vanquished.

Grand Total: 209 creatures vanquished

Notes
Turn   | Place    | Note
-------+----------+-------------------------------------------
     0 | D:1      | Letos the Gargoyle Gladiator began the quest for the Orb.
     0 | D:1      | Reached XP level 1. HP: 12/12 MP: 1/1
   399 | D:1      | Reached XP level 2. HP: 17/17 MP: 2/2
   435 | D:1      | Reached skill level 1 in Armour
   680 | D:1      | Reached XP level 3. HP: 21/21 MP: 3/3
   999 | D:2      | Reached skill level 4 in Maces & Flails
  1034 | D:2      | Reached XP level 4. HP: 23/26 MP: 4/4
  1214 | D:2      | Found a hide-covered altar of Uskayaw.
  1534 | D:3      | Reached XP level 5. HP: 29/30 MP: 5/5
  1623 | D:3      | Reached skill level 1 in Shields
  1661 | D:3      | Noticed arlegoon's ghost (weakling DgIE)
  1674 | D:3      | Killed arlegoon's ghost
  1674 | D:3      | Reached skill level 5 in Maces & Flails
  1989 | D:4      | Noticed a phantom
  2069 | D:4      | Killed a phantom
  2069 | D:4      | Reached XP level 6. HP: 16/35 MP: 6/6
  2281 | D:4      | Reached skill level 6 in Maces & Flails
  2365 | D:4      | Noticed Edmund
  2387 | D:4      | Killed Edmund
  2387 | D:4      | Reached XP level 7. HP: 40/40 MP: 7/7
  2765 | D:4      | Found a staircase to the Ecumenical Temple.
  2838 | D:4      | Noticed Menkaure
  2860 | D:4      | Killed Menkaure
  2860 | D:4      | Reached skill level 7 in Maces & Flails
  2987 | Temple   | Entered the Ecumenical Temple
  3059 | Temple   | Became a worshipper of Zin the Law-Giver
  3059 | Temple   | Reached * piety under Zin
  3238 | D:5      | Entered Level 5 of the Dungeon
  3310 | D:5      | Reached XP level 8. HP: 20/44 MP: 8/8
  3343 | D:5      | Reached skill level 8 in Maces & Flails
  3610 | D:5      | Reached skill level 5 in Shields
  3949 | D:5      | Reached ** piety under Zin
  3962 | D:5      | Reached skill level 1 in Invocations
  4245 | D:6      | Reached skill level 9 in Maces & Flails
  4296 | D:6      | Reached XP level 9. HP: 51/52 MP: 9/11
  4465 | D:6      | Found a shimmering altar of Xom.
  4482 | D:6      | Reached *** piety under Zin
  4890 | D:7      | Got a fine glaive
  4972 | D:7      | Noticed a hornet
  4980 | D:7      | Killed a hornet
  4980 | D:7      | Reached skill level 10 in Maces & Flails
  5298 | D:7      | Reached skill level 5 in Fighting
  5315 | D:7      | Noticed a hornet
  5322 | D:7      | Killed a hornet
  5415 | D:7      | Noticed Duvessa
  5415 | D:7      | Noticed Dowan
  5429 | D:7      | Killed Duvessa
  5429 | D:7      | Reached skill level 5 in Invocations
  5433 | D:7      | Killed Dowan
  5861 | D:8      | Noticed a death yak
  5902 | D:8      | Noticed Maurice
  5905 | D:8      | Reached **** piety under Zin
  5922 | D:8      | Killed Maurice
  5922 | D:8      | Reached skill level 11 in Maces & Flails
  5922 | D:8      | Reached XP level 10. HP: 60/60 MP: 13/13
  6175 | D:8      | Noticed a death yak
  6181 | D:8      | Noticed a death yak
  6187 | D:8      | Killed a death yak
  6202 | D:8      | Killed a death yak
  6229 | D:8      | Killed a death yak
  6464 | D:8      | Found a staircase to the Lair.
  6598 | D:8      | Got a fine falchion
  6599 | D:8      | Identified the +6 falchion "Mofruenn" {distort, rPois SInv} (You found it on level 8 of the Dungeon)
  6600 | D:8      | Cast into level 2 of the Abyss (a distortion unwield)
  6668 | Abyss:2  | Reached skill level 12 in Maces & Flails
  6668 | Abyss:2  | Reached skill level 5 in Armour
  6668 | Abyss:2  | Reached XP level 11. HP: 45/67 MP: 14/14
  6683 | Abyss:2  | Noticed a large abomination
  6718 | Abyss:2  | Noticed an Executioner
  6725 | Abyss:2  | HP: 1/67 [Executioner (14)]
  6725 | Abyss:2  | Slain by an Executioner

Skill      XL: |  1  2  3  4  5  6  7  8  9 10 |
---------------+-------------------------------+-----
Armour         | 1 2 3 5 |  5.1
Maces & Flails | 4 5 6 7 9 11 12 | 12.1
Shields        | 2 3 4 5 |  5.1
Invocations    | 2 5 |  5.1
Fighting       | 3 6 7 |  7.3
Dodging        | 4 |  4.2
Throwing       | |  1.7

Action                   |  1- 3 |  4- 6 |  7- 9 | 10-12 || total
-------------------------+-------+-------+-------+-------++-------
Melee: Flail             |    82 |   243 |   433 |   135 ||   893
Invok: Vitalisation      |       |       |     1 |     2 ||     3
       Recite            |       |       |       |     1 ||     1
  Use: Scroll            |       |     7 |     7 |       ||    14
       Potion            |       |     3 |       |     4 ||     7
  Eat: Chunk             |       |     5 |     4 |       ||     9
       Ration            |       |       |     3 |     1 ||     4
Armor: Leather armour    |    35 |    21 |       |       ||    56
       Ring mail         |       |   100 |    17 |       ||   117
       Chain mail        |       |       |   190 |       ||   190
       Scale mail        |       |       |    49 |    43 ||    92
Dodge: Dodged            |    70 |   155 |   148 |    50 ||   423
Block: Buckler           |       |    36 |    94 |    27 ||   157
